 Dungeon Crawl Stone Soup version 0.31-a0-819-gf6de2f5ab6 (webtiles) character file.

Game seed: 8169178826193733495

65 Shayle the Vexing (level 4, -3/44 HPs)
             Began as an Ogre Hexslinger on Sept 23, 2023.
             Slain by a black bear (4 damage)
             ... on level 3 of the Dungeon.
             The game lasted 00:01:54 (2172 turns).

Shayle the Vexing (Ogre Hexslinger)                 Turns: 2172, Time: 00:01:56

Health: -3/44      AC:  3    Str: 12    XL:     4   Next: 13%
Magic:  7/7        EV: 10    Int: 16    God:
Gold:   85         SH:  0    Dex: 11    Spells: 7/7 levels left

rFire   . . .        a - +1 sling
rCold   . . .        (no shield)
rNeg    . . .        c - +0 robe
rPois   .            (helmet restricted)
rElec   .            (no cloak)
rCorr   .            (gloves unavailable)
SInv    .            (boots unavailable)
Will    .....        (no amulet)
Stlth   +            (no ring)
HPRegen 0.27/turn    (no ring)
MPRegen 0.10/turn

%: no passive effects
@: no status effects
A: large, unfitting armour, tough skin 1
a: no special abilities


You were on level 3 of the Dungeon.
You visited 1 branch of the dungeon, and saw 3 of its levels.

You collected 85 gold pieces.

Inventory:

Hand Weapons
 a - a +1 sling (weapon)
Armour
 c - a +0 robe (worn)
Wands
 i - a wand of mindburst (15)
 m - a wand of flame (19)
Scrolls
 b - a scroll of poison
 d - 2 scrolls of identify {unknown}
 e - a scroll of fog {unknown}
 g - 2 scrolls of revelation {unknown}
 k - a scroll of brand weapon {unknown}
 l - a scroll of enchant armour {unknown}
Potions
 f - a potion of magic {unknown}
 h - a potion of heal wounds
 j - a potion of might {unknown}


   Skills:
 + Level 2.3 Fighting
 - Level 1.3 Ranged Weapons
 + Level 2.3 Dodging
 + Level 2.0 Spellcasting
 - Level 2.6 Hexes
 + Level 1.5 Fire Magic
 * Level 2.0 Invocations


You had 7 spell levels left.
You didn't know any spells.
Your spell library contained the following spells:

 Spells                   Type           Power      Damage    Failure   Level
 Jinxbite                 Hex            20%        N/A       11%         2
 Magic Dart               Conj           4%         1d3       21%         1
 Sigil of Binding         Hex            10%        N/A       21%         3
 Inner Flame              Hex/Fire       8%         N/A       26%         3
 Call Imp                 Summ           2%         N/A       30%         2
 Mephitic Cloud           Conj/Pois/Air  1%         N/A       52%         3
 Cause Fear               Hex            5%         N/A       56%         4
 Dimensional Bullseye     Hex/Tloc       2%         N/A       75%         4


Dungeon Overview and Level Annotations

Branches:
Dungeon (3/15)

Altars:
Zin


Innate Abilities, Weirdness & Mutations

You are too large for most types of armour.
You have tough skin. (AC +1)


Message History

The black bear claws you but does no damage.
You shoot a sling bullet. The sling bullet hits the black bear.
The black bear is heavily wounded.
The black bear bites you but does no damage.
The black bear claws you but does no damage.
The black bear claws you.
You shoot a sling bullet. The sling bullet hits the black bear.
The black bear is severely wounded.
The black bear goes berserk!
You shoot a sling bullet. The sling bullet hits the black bear.
The black bear is almost dead.
The black bear bites you. The black bear claws you.
The black bear closely misses you. The black bear bites you.
The black bear closely misses you. The black bear barely misses you.
You shoot a sling bullet. The sling bullet hits the black bear.
The black bear is almost dead.
The black bear completely misses you. The black bear claws you. x2
The black bear barely misses you. x2; The black bear claws you.
You shoot a sling bullet.
The sling bullet barely misses the black bear.
The black bear bites you! The black bear barely misses you.
The black bear claws you.
* * * LOW HITPOINT WARNING * * *
The black bear bites you.
* * * LOW HITPOINT WARNING * * *
The black bear misses you.
The black bear claws you but does no damage.
You feel much better. The black bear barely misses you. x2
The black bear claws you. The black bear bites you!
* * * LOW HITPOINT WARNING * * *
The black bear claws you.
* * * LOW HITPOINT WARNING * * *
The black bear misses you.
You shoot a sling bullet.
The sling bullet hits the black bear but does no damage.
The black bear is almost dead.
The black bear bites you!
* * * LOW HITPOINT WARNING * * *
The black bear claws you.
You die...

#..# #....##..# ..##
##..####... ###
##..## #. . ##
###..## #. ...##....#
#. ##......## #.##
#####.### ..# .#
#....# ####.####.# .#
#....# ##...@h....#
.#
#....####......$.....
.#
#....#............#..
##
#.................#
#....#...........##
#....#...........#
#....##..♣._.♣♣.##
...#######♣♣♣♣.###
..## ##


You could see a black bear (berserk).

Vanquished Creatures
  A gnoll (D:2)
  An adder (D:2)
  A dart slug (D:2)
  8 bats
  3 endoplasms
  2 giant cockroaches (D:1)
  4 goblins
  6 hobgoblins
  4 quokkas
  3 ball pythons
  3 frilled lizards (D:2)
  A kobold (D:2)
  5 rats
42 creatures vanquished.

Notes
Turn   | Place    | Note
-------+----------+-------------------------------------------
     0 | D:1      | Shayle the Ogre Hexslinger began the quest for the Orb.
     0 | D:1      | Reached XP level 1. HP: 19/19 MP: 2/2
    94 | D:1      | Reached skill level 1 in Fire Magic
   280 | D:1      | Reached XP level 2. HP: 28/28 MP: 4/4
  1066 | D:2      | Reached skill level 1 in Invocations
  1130 | D:2      | Reached XP level 3. HP: 26/35 MP: 5/5
  2018 | D:3      | Reached XP level 4. HP: 44/44 MP: 6/6
  2144 | D:3      | Found a glowing silver altar of Zin.
  2158 | D:3      | Noticed a black bear
  2172 | D:3      | HP: 1/44 [black bear (10)]
  2172 | D:3      | Slain by a black bear

Illustrated notes

Levels and vault maps discovered:
D:1:      dpeg_arrival_stone_temple_mockup, layout_loops_ring, roderic_lattice_a
D:2:      layout_basic
D:3:      layout_rooms, zin_academy, gammafunk_temple_overflow_elements,
          mainiacjoe_overflow_alcove_1, uniq_crazy_yiuf_cottage

Skill      XL: |  1  2  3  4 |
---------------+-------------+-----
Fire Magic     | 1 |  1.5
Dodging        | 2 |  2.3
Fighting       | 2 |  2.3
Invocations    | 1 2 |  2.0
Spellcasting   | 2 |  2.0
Ranged Weapons | |  1.3
Hexes          | |  2.6

Action                     |  1- 3 |  4- 6 || total
---------------------------+-------+-------++-------
   Fire: Sling             |   120 |    32 ||   152
    Use: Potion            |       |     2 ||     2
 Armour: Robe              |    30 |    32 ||    62
  Dodge: Dodged            |    44 |    20 ||    64

Table legend: (Time is in decaauts)
 A = Elapsed time spent in this place.
 B = Non-inter-level travel time spent in this place.
 C = Inter-level travel time spent in this place.
 D = Time resting spent in this place.
 E = Time spent auto-exploring this place.
 F = Levels seen in this place.
 G = Mean time per level.
                   A        B        C        D        E       F      G
               +--------+--------+--------+--------+--------+-----+--------+
         Total |   2222 |   2155 |     67 |      0 |   1837 |   3 |  740.7 |
       Dungeon |   2222 |   2155 |     67 |      0 |   1837 |   3 |  740.7 |
               +--------+--------+--------+--------+--------+-----+--------+

Top non-repeatable levels by time:
     D:1: 1038 daAuts
     D:2: 1013 daAuts
     D:3: 171 daAuts
